 Dungeon Crawl Stone Soup version 0.30.0-20-g3b4254fcbd (webtiles) character file.

Game seed: 11587778456989014862

650 Graphine the Sneak (level 7, 0/55 HPs)
             Began as a Merfolk Brigand on June 2, 2023.
             Was an Initiate of Gozag.
             Slain by Pikel
             ... wielding a +2 whip of freezing
              (9 damage)
             ... on level 5 of the Dungeon.
             The game lasted 00:14:05 (5768 turns).

Graphine the Sneak (Merfolk Brigand)                Turns: 5768, Time: 00:14:06

Health: 0/55       AC:  4    Str: 12    XL:     7   Next: 53%
Magic:  7/7        EV: 14    Int: 10    God:    Gozag
Gold:   134        SH:  0    Dex: 17    Spells: 6/6 levels left

rFire   + + +        A - +2 rapier (flame)
rCold   + + .        (no shield)
rNeg    . . .        s - +0 robe {rC+ rF+}
rPois   +            (no helmet)
rElec   +            c - +0 cloak
rCorr   +            (no gloves)
SInv    .            h - +0 pair of boots
Will    .....        p - amulet of magic regeneration
Stlth   ++++         f - ring of protection from fire
HPRegen 0.29/turn    w - ring of resist corrosion
MPRegen 0.50/turn

%: no passive effects
@: resistant
A: (nimble swimmer 2), mertail
a: Renounce Religion, Potion Petition, Call Merchant, Bribe Branch


You were on level 5 of the Dungeon.
You worshipped Gozag.
Gozag was aware of your devotion.
You visited 1 branch of the dungeon, and saw 5 of its levels.

You collected 695 gold pieces.
You spent 230 gold pieces at shops.
You paid 331 gold pieces to Gozag.

Inventory:

Hand Weapons
 a - a +2 dagger
 A - a +2 rapier of flaming (weapon)
Missiles
 d - 9 poisoned darts (quivered)
 e - 2 curare-tipped darts
 x - 5 javelins
Armour
 c - a +0 cloak (worn)
 h - a +0 pair of boots (worn)
 s - a +0 robe of resistance (worn)
Jewellery
 f - a ring of protection from fire (left hand)
 j - a +6 ring of intelligence
 p - an amulet of magic regeneration (around neck)
 q - a ring of magical power
 w - a ring of resist corrosion (right hand)
 y - a ring of ice
Wands
 i - a wand of acid (1)
 z - a wand of polymorph (9)
Scrolls
 b - a scroll of identify
 g - a scroll of teleportation
 l - a scroll of enchant armour {unknown}
 n - a scroll of fog
 o - 4 scrolls of amnesia
 t - 2 scrolls of poison
 u - a scroll of silence {unknown}
Potions
 k - 2 potions of attraction
 m - a potion of flight
 v - a potion of heal wounds {unknown}


   Skills:
 + Level 4.4 Fighting
 + Level 4.8 Short Blades
 - Level 2.0 Throwing
 + Level 4.6 Dodging
 * Level 7.5 Stealth


You had 6 spell levels left.
You didn't know any spells.
Your spell library contained the following spells:

 Spells                   Type           Power      Damage    Failure   Level
 Kiss of Death            Conj/Necr      0%         2d5       36%         1
 Lesser Beckoning         Tloc           0%         N/A       50%         2
 Poisonous Vapours        Pois/Air       0%         N/A       50%         2
 Confusing Touch          Hex            0%         N/A       75%         3
 Gell's Gravitas          Tloc           0%         N/A       75%         3
 Ignite Poison            Fire/Tmut/Pois 0%         N/A       75%         3
 Mephitic Cloud           Conj/Pois/Air  0%         N/A       75%         3
 Teleport Other           Tloc           0%         N/A       75%         3
 Anguish                  Hex/Necr       0%         N/A       98%         4
 Cause Fear               Hex            0%         N/A       98%         4
 Dispel Undead            Necr           0%         3d6       98%         4
 Sticky Flame             Conj/Fire      0%         2d3       98%         4
 Freezing Cloud           Conj/Ice/Air   0%         6-21      100%        5
 Enfeeble                 Hex            0%         N/A       100%        7
 Ignition                 Fire           0%         3d3       100%        8


Dungeon Overview and Level Annotations

Branches:
Dungeon (5/15)
 Temple: D:4-7

Altars:
Elyvilon
Gozag
Makhleb
Trog
Uskayaw
Wu Jian
Xom
Yredelemnul
Zin

Shops:
D:5 (

Annotations:
D:5 Pikel


Innate Abilities, Weirdness & Mutations

((You are very nimble when in or above water. (Stealth+, EV+, Speed+++)))
Your lower body shifts to a powerful aquatic tail in water.


Message History

You puncture the lemure! You burn the lemure.
The lemure is heavily wounded.
You closely miss Pikel. You hit Pikel. You burn Pikel.
Pikel is lightly wounded.
Pikel hits you with a +2 whip of freezing!
Pikel freezes you.
You hit Pikel. You burn Pikel.
Pikel is moderately wounded.
Pikel completely misses you. The lemure hits you!
You hit Pikel but do no damage.
Pikel is moderately wounded.
Pikel barely misses you. The lemure hits you.
You hit Pikel but do no damage.
Pikel is moderately wounded.
Pikel hits you but does no damage.
You hit Pikel. You burn Pikel.
Pikel is moderately wounded.
Pikel barely misses you. The lemure closely misses you.
Okay, then.
The lemure shouts!
You hit Pikel. You burn Pikel.
Pikel is heavily wounded.
Pikel barely misses you. The lemure barely misses you. The lemure hits you.
You closely miss Pikel.
Pikel is heavily wounded.
Pikel hits you with a +2 whip of freezing.
The lemure hits you but does no damage. The lemure hits you!
You hit Pikel but do no damage.
Pikel is heavily wounded.
Pikel hits you with a +2 whip of freezing!
* * * LOW HITPOINT WARNING * * *
Pikel freezes you.
* * * LOW HITPOINT WARNING * * *
The lemure closely misses you. The lemure hits you.
* * * LOW HITPOINT WARNING * * *
You feel protected.
Pikel hits you with a +2 whip of freezing!
You die...
Your body crumbles into a pile of gold.

#............#......
###..##........#......
###..##........+......
####.......##...#......
##...∩......##...###....
#.....##.....#.... #....
#.##..##.....#.... #....
#.##...55....# #....
#..##..@K5...# #....
##.....##5.### #....
####..##..# ##...
#..#..... #...
#..#....... #...
#..#......... +...
#..#......... #...
#..########+#####...
#....##


You could see Pikel and 4 lemures.

Vanquished Creatures
  A black bear (D:5)
  An ogre (D:4)
  A phantom (D:4)
  2 hounds (D:4)
  An orc priest (D:5)
  A jelly (D:5)
  A gnoll bouda (D:4)
  2 iguanas
  A sleepcap (D:4)
  8 adders
  2 white imps (D:5)
  An adder zombie (D:3)
  A worm (D:3)
  A dart slug (D:2)
  7 orcs
  9 ball pythons
  2 endoplasms
  4 giant cockroaches
  9 hobgoblins
  8 jackals (D:4)
  2 quokkas
  A ball python zombie (D:3)
  6 bats (D:1)
  3 frilled lizards
  6 goblins
  6 kobolds
  4 rats
91 creatures vanquished.

Notes
Turn   | Place    | Note
-------+----------+-------------------------------------------
     0 | D:1      | Graphine the Merfolk Brigand began the quest for the Orb.
     0 | D:1      | Reached XP level 1. HP: 16/16 MP: 1/1
   200 | D:1      | Reached XP level 2. HP: 22/23 MP: 2/2
   736 | D:1      | Reached XP level 3. HP: 25/28 MP: 3/3
   758 | D:2      | Found an opulent altar of Gozag.
   769 | D:2      | Became a worshipper of Gozag Ym Sagoz the Greedy
   793 | D:2      | Reached skill level 5 in Stealth
  1108 | D:2      | Found a faded altar of an unknown god.
  1739 | D:3      | Reached XP level 4. HP: 34/34 MP: 4/4
  2715 | D:3      | Found a basalt altar of Yredelemnul.
  3078 | D:4      | Reached XP level 5. HP: 41/41 MP: 5/5
  3165 | D:4      | Found a burning altar of Makhleb.
  3172 | D:4      | Found a hide-covered altar of Uskayaw.
  3179 | D:4      | Found a bloodstained altar of Trog.
  3187 | D:4      | Found a shimmering altar of Xom.
  3195 | D:4      | Found an ornate altar of the Wu Jian Council.
  3200 | D:4      | Found a glowing silver altar of Zin.
  3211 | D:4      | Found a white marble altar of Elyvilon.
  3573 | D:4      | Noticed an ogre
  3573 | D:4      | Noticed a phantom
  3603 | D:4      | Killed a phantom
  3604 | D:4      | Reached skill level 6 in Stealth
  3785 | D:4      | Reached XP level 6. HP: 25/47 MP: 6/6
  4331 | D:5      | Entered Level 5 of the Dungeon
  4458 | D:4      | Reached XP level 7. HP: 35/54 MP: 7/7
  4582 | D:5      | Reached skill level 7 in Stealth
  5724 | D:5      | Found Cavvouli's Weapon Emporium.
  5742 | D:5      | Bought a +2 rapier of flaming for 230 gold pieces
  5749 | D:5      | Noticed Pikel
  5768 | D:5      | Slain by Pikel

Illustrated notes

Levels and vault maps discovered:
D:1:      roderic_crop_circles_arrival_small, layout_loops_ring
D:2:      layout_basic, chequers_ecumenical_altar_simple_redux, basic_altar
D:3:      layout_basic, lemuel_zombie_altar_yredelemnul
D:4:      layout_rooms, grunt_temple_overflow_octagram, nicolae_eternal_life,
          minmay_misc_feat_doors, minmay_pentangle
D:5:      layout_gridville, serial_shops, nicolae_square_shop, uniq_pikel

Skill      XL: |  1  2  3  4  5  6  7 |
---------------+----------------------+-----
Dodging        | 2 3 4 |  4.6
Stealth        | 5 6 7 |  7.5
Short Blades   | 3 4 |  4.8
Fighting       | 3 4 |  4.4
Throwing       | |  2.0

Action                     |  1- 3 |  4- 6 |  7- 9 || total
---------------------------+-------+-------+-------++-------
  Melee: Dagger            |    90 |   211 |    87 ||   388
         Punch             |       |     4 |     1 ||     5
         Rapier            |       |       |    11 ||    11
  Throw: Javelin           |       |     7 |       ||     7
         Dart              |       |     3 |    15 ||    18
 Invoke: Potion Petition   |       |     1 |       ||     1
    Use: Scroll            |       |    12 |     1 ||    13
         Potion            |       |     3 |     2 ||     5
   Stab: Sleeping          |    13 |    12 |     1 ||    26
 Armour: Robe              |    21 |    33 |    22 ||    76
  Dodge: Dodged            |    45 |   120 |    63 ||   228
